 Dungeon Crawl Stone Soup version 0.21-a0-95-g06f091e (webtiles) character file.

3 Banto the Changer (level 1, 0/14 HPs)
             Began as a Demigod Wanderer on July 5, 2017.
             Slain by a jackal (2 damage)
             ... on level 2 of the Dungeon.
             The game lasted 00:00:40 (213 turns).

Banto the Changer (Demigod Wanderer)                 Turns: 213, Time: 00:00:41

Health: 0/14       AC:  2    Str: 14    XL:     1   Next: 33%
Magic:  0/4        EV: 11    Int: 18    God:
Gold:   0          SH:  0    Dex: 14    Spells: 1/2 levels left

rFire    . . .     SeeInvis .   e - +0 club
rCold    . . .     Gourm    .   (no shield)
rNeg     . . .     Faith    .   d - +0 robe
rPois    .         Spirit   .   (no helmet)
rElec    .         Reflect  .   (no cloak)
rCorr    .         Harm     .   (no gloves)
MR       .....                  (no boots)
Stlth    +.........             (no amulet)
HPRegen  0.04/turn              (no ring)
MPRegen  0.09/turn              (no ring)

@: no status effects
A: high mp 1
a: no special abilities


You were on level 2 of the Dungeon.
You were not hungry.

You visited 1 branch of the dungeon, and saw 2 of its levels.

Inventory:

Hand Weapons
 e - a +0 club (weapon)
Armour
 a - a +0 shield
 d - a +0 robe (worn)
Potions
 g - a potion of mutation {unknown}
Books
 b - the Handbook of the Dozen Dances

   Spells                             Type                      Level
   a - Sting                          Conjuration/Poison           1
   b - Ignite Poison                  Fire/Transmutation/Poison    3
 c - Roqes's Disquisition on Orientation

   Spells                             Type                      Level
   a - Apportation                    Translocation                1
   b - Portal Projectile              Hexes/Translocation          3
Comestibles
 f - a bread ration


   Skills:
 - Level 1.7 Shields
 + Level 1.2 Spellcasting
 * Level 0.3 Conjurations
   Level 2.6 Translocations
   Level 3.6 Transmutations


You had one spell level left.
You knew the following spells:

 Your Spells              Type           Power        Failure   Level  Hunger
a - Sting                 Conj/Pois      #...         19%         1    ##.....


Dungeon Overview and Level Annotations

Branches:
Dungeon (2/15)


Innate Abilities, Weirdness & Mutations

You have an increased reservoir of magic. (+10% MP)


Message History

The bat barely misses you. The bat closely misses you.
Your magical contamination has completely faded away.
The bat misses you. The bat hits you.
* * * LOW HITPOINT WARNING * * *
You take 1 damage, and have 2/14 hp.
The bat hits you but does no damage. The jackal misses you.
There is a stone staircase leading down here.
The bat closely misses you. The jackal closely misses you.
You climb downwards.
There is a stone staircase leading up here.
Casting: Sting
Confirm with . or Enter, or press ? or * to list all spells.
Aiming: Sting
Press: ? - help, Shift-Dir - straight line, f - jackal
Aim: a jackal (moderately wounded)
The sting hits the jackal.
The jackal is poisoned.
The jackal is heavily wounded.
The jackal bites you.
You die...

#.#
#.#
#.#
#.#
#.#
#.#
#h#
#@#
###


You could see a jackal.

Vanquished Creatures
  A leopard gecko (D:1)
  A jackal (D:1)
2 creatures vanquished.

Notes
Turn   | Place    | Note
-------+----------+-------------------------------------------
     0 | D:1      | Banto the Demigod Wanderer began the quest for the Orb.
     0 | D:1      | Banto set off with: a +0 shield, the Handbook of the Dozen Dances, Roqes's Disquisition on Orientation, a +0 robe, a +0 club, a bread ration
     0 | D:1      | Reached XP level 1. HP: 14/14 MP: 4/4
     0 | D:1      | Identified the Handbook of the Dozen Dances
     0 | D:1      | Identified Roqes's Disquisition on Orientation
     2 | D:1      | Learned a level 1 spell: Sting
   213 | D:2      | Slain by a jackal

Vault maps used:
D:1:      dpeg_arrival_brainrot, minmay_tetromino_l4
D:2:      nicolae_overflow_hidden_temple

Action                   || total
-------------------------++-------
Melee: Club              ||    11
 Cast: Sting             ||     6
Armor: Robe              ||    19
Dodge: Dodged            ||    20
Block: Shield            ||     2

Table legend:
 A = Turns spent in this place as a percentage of turns spent in the entire game.
 B = Non-inter-level travel turns spent in this place as a percentage of non-inter-level travel turns spent in the entire game.
 C = Inter-level travel turns spent in this place as a percentage of turns spent in this place.
 D = Turns resting spent in this place as a percentage of non-inter-level travel turns spent in this place.
 E = Turns spent auto-exploring this place as a percentage of non-inter-level travel turns spent in this place.
 F = Non-inter-level travel turns spent in this place divided by the number of levels of this place that you've seen.
                   A       B       C       D       E      F
               +-------+-------+-------+-------+-------+----------------------
         Total | 100.0 | 100.0 |   0.0 |  10.4 |   8.3 |  24.0
       Dungeon | 100.0 | 100.0 |   0.0 |  10.4 |   8.3 |  24.0
               +-------+-------+-------+-------+-------+----------------------

Table legend:
 A = Kills in this place as a percentage of kills in entire the game.
 B = Kills by you in this place as a percentage of kills by you in the entire game.
 C = Kills by friends in this place as a percentage of kills by friends in the entire game.
 D = Other kills in this place as a percentage of other kills in the entire game.
 E = Experience gained in this place as a percentage of experience gained in the entire game.
 F = Experience gained in this place divided by the number of levels of this place that you have seen.
                   A       B       C       D       E      F
               +-------+-------+-------+-------+-------+----------------------
         Total | 100.0 | 100.0 |  -nan |  -nan | 100.0 |   2.5
       Dungeon | 100.0 | 100.0 |  -nan |  -nan | 100.0 |   2.5
               +-------+-------+-------+-------+-------+----------------------
